 Dungeon Crawl Stone Soup version 0.29-a0-266-gf56f883ddd (webtiles) character file.

Game seed: 504209751432918685

42 enile the Stinger (level 3, -1/46 HPs)
             Began as a Draconian Wanderer on Mar 6, 2022.
             Succumbed to a gnoll's poison
             ... on level 1 of the Dungeon.
             The game lasted 00:02:14 (1869 turns).

enile the Stinger (Draconian Wanderer)              Turns: 1869, Time: 00:02:14

Health: -1/46      AC: 21    Str: 11 (14) XL:     3   Next: 33%
Magic:  3/5        EV:  2    Int: 13 (14) God:
Gold:   64         SH:  0    Dex:  9 (10) Spells: 4/5 levels left

rFire   . . .      SeeInvis .   a - +0 dagger
rCold   . . .      Faith    .   (no shield)
rNeg    . . .      Spirit   .   (body armour unavailable)
rPois   +          Reflect  .   (helmet currently unavailable)
rElec   .          Harm     .   (cloak currently unavailable)
rCorr   .          Rampage  .   (gloves currently unavailable)
Will    .....      NoTele   +   (boots currently unavailable)
Stlth   +.........              (no amulet)
HPRegen 0.15/turn               (no ring)
MPRegen 0.09/turn               (no ring)

@: lethally poisoned (-1 -> -15), tree-form, invisible
A: stationary, stasis, torment immunity, boosted hp, AC +5, unfitting armour,
(cold-blooded)
a: no special abilities


You were on level 1 of the Dungeon.
You were a tree.
You visited 1 branch of the dungeon, and saw 2 of its levels.

You collected 64 gold pieces.

Inventory:

Hand Weapons
 a - a +0 dagger (weapon)
Missiles
 b - 12 poisoned darts (quivered)
Jewellery
 e - an amulet of magic regeneration
Scrolls
 f - 2 scrolls of vulnerability {unknown}
 i - a scroll of noise {unknown}
 k - 2 scrolls of fear {unknown}
 l - a scroll of identify {unknown}
 m - a scroll of teleportation {unknown}
Potions
 c - a potion of mutation


   Skills:
 - Level 3.0 Fighting
 - Level 2.7 Throwing
 - Level 1.0 Stealth
 + Level 1.9 Spellcasting
 - Level 4.0 Poison Magic


You had 4 spell levels left.
You knew the following spells:

 Your Spells              Type           Power      Damage    Failure   Level
a - Sting                 Tmut/Pois      24%        1d4       12%         1

Your spell library contained the following spells:

 Spells                   Type           Power      Damage    Failure   Level
 Spider Form              Tmut/Pois      6%         N/A       34%         3
 Olgreb's Toxic Radiance  Pois           11%        N/A       45%         4


Dungeon Overview and Level Annotations

Branches:
Dungeon (2/15)

Altars:


Innate Abilities, Weirdness & Mutations

You are a tree.
Your roots penetrate the ground, keeping you stationary.
You cannot be teleported.
You are immune to unholy pain and torment.
Your maximum health is greatly increased.
Your equipment is partially melded.
((Your plain brown scales are hard. (AC +5)))
You cannot fit into any form of body armour.
((You are cold-blooded and may be slowed by cold attacks.))


Message History

You start resting.
HP restored.
There is a stone staircase leading down here.
You climb downwards.
There is a stone staircase leading up here.
There are monsters nearby!
There are monsters nearby!
Casting: Sting (safe; 12% risk of failure)
Confirm with . or Enter, or press ? or * to list all spells.
Aiming: Sting (safe; 12% risk of failure)
Press: ? - help, Shift-Dir - straight line, f - gnoll
Aim: a gnoll, wielding a +3 spear of venom (72% to hit)
The sting hits the gnoll.
The gnoll is poisoned.
The gnoll is moderately wounded.
Casting: Sting (safe; 12% risk of failure)
Confirm with . or Enter, or press ? or * to list all spells.
Aiming: Sting (safe; 12% risk of failure)
Press: ? - help, Shift-Dir - straight line, f/p - gnoll
Aim: a gnoll, wielding a +3 spear of venom (moderately wounded, poisoned, 72% to hit)
The sting hits the gnoll.
The gnoll looks even sicker.
The gnoll is heavily wounded.
The gnoll hits you from afar with a +3 spear of venom.
You are poisoned.
You feel very sick.
The gnoll hits you from afar with a +3 spear of venom!
You are lethally poisoned!
You climb upwards.
* * * LOW HITPOINT WARNING * * *
You feel extremely sick.
There is a stone staircase leading down here.
There is a lethal amount of poison in your body!
There is a lethal amount of poison in your body!
You turn into a tree.
Your roots penetrate the ground.
* * * LOW HITPOINT WARNING * * *
You feel very sick.
There is a lethal amount of poison in your body!
There is a lethal amount of poison in your body!
It was a potion of invisibility.
You fade into invisibility!
You die...

# # ####### # #.....# # #.....#
######### # #.....# #.......# #
##..### #.......# # #######8..8##
#.......# # #.......♣...#
#.......#
#########...........#####.......#
..............#8..8#............'
#########.....##..##............#
....#####.....#............######
....##....######...........##....
....##....######...........##....
....'.....+....'............'....
....##....######...........##....


There were no monsters in sight!

Vanquished Creatures
  A gnoll (D:2)
  2 worms (D:2)
  3 bats
  2 giant cockroaches (D:1)
  3 goblins (D:2)
  4 hobgoblins
  2 kobolds
  A quokka (D:1)
  2 ball pythons (D:1)
  A frilled lizard (D:1)
  4 rats
25 creatures vanquished.

Vanquished Creatures (others)
  A plant (D:1)
1 creature vanquished.

Grand Total: 26 creatures vanquished

Notes
Turn   | Place    | Note
-------+----------+-------------------------------------------
     0 | D:1      | enile the Draconian Wanderer began the quest for the Orb.
     0 | D:1      | enile set off with the following items: a +0 dagger, 12
                  | poisoned darts, a potion of mutation, a potion of
                  | lignification; and the following spell memorised: Sting;
                  | and the following spells available to memorise: Spider
                  | Form, Olgreb's Toxic Radiance
     0 | D:1      | Reached XP level 1. HP: 16/16 MP: 2/2
   418 | D:1      | Reached XP level 2. HP: 15/24 MP: 0/3
  1284 | D:2      | Reached XP level 3. HP: 31/31 MP: 1/5
  1868 | D:1      | HP: 2/46 [poisoned by a gnoll]
  1869 | D:1      | Succumbed to a gnoll's poison

Illustrated notes

Levels and vault maps discovered:
D:1:      saegor_arrival_simple_e, layout_basic, serial_bayou,
          serial_bayou_lagoon_b, serial_bayou_crossing, serial_bayou_shore_b,
          serial_bayou_lake_a, st_stairs_6
D:2:      cheibrodos_pilgrimage, layout_rooms, minmay_shallow_snake_nest,
          uniq_natasha

Skill      XL: |  1  2 |
---------------+-------+-----
Fighting       | 2 3 |  3.0
Throwing       | |  2.7
Stealth        | |  1.0
Spellcasting   | |  1.9
Poison Magic   | |  4.0

Action                   || total
-------------------------++-------
Melee: Dagger            ||    31
       Tailslap          ||     5
Throw: Dart              ||     6
 Cast: Sting             ||    41
  Use: Potion            ||     4
Armor: Skin              ||    25
Dodge: Dodged            ||    47

Table legend: (Time is in decaauts)
 A = Elapsed time spent in this place.
 B = Non-inter-level travel time spent in this place.
 C = Inter-level travel time spent in this place.
 D = Time resting spent in this place.
 E = Time spent auto-exploring this place.
 F = Levels seen in this place.
 G = Mean time per level.
                   A        B        C        D        E       F      G
               +--------+--------+--------+--------+--------+-----+--------+
         Total |   1919 |   1844 |     75 |    274 |   1336 |   2 |  959.5 |
       Dungeon |   1919 |   1844 |     75 |    274 |   1336 |   2 |  959.5 |
               +--------+--------+--------+--------+--------+-----+--------+

Top non-repeatable levels by time:
     D:1: 1630 daAuts
     D:2: 289 daAuts
